 Dungeon Crawl Stone Soup version 0.29.1-1-gd02db6906a (webtiles) character file.

Game seed: 1116688681136212527

4487 lonewolfV2 the Cudgeller (level 10, -3/94 HPs)
             Began as a Troll Warper on Oct 10, 2022.
             Was a Believer of Yredelemnul.
             Slain by a yak (12 damage)
             ... on level 8 of the Dungeon.
             The game lasted 00:18:19 (7283 turns).

lonewolfV2 the Cudgeller (Troll Warper)             Turns: 7283, Time: 00:18:19

Health: -3/94      AC:  8    Str: 25      XL:     10   Next: 16%
Magic:  20/20      EV: 10    Int: 11 (12) God:    Yredelemnul [**....]
Gold:   425        SH:  9    Dex:  7 (8)  Spells: 9/12 levels left

rFire   . . .      SeeInvis .   p - +2 whip (distort)
rCold   . . .      Faith    .   (no shield)
rNeg    . . .      Spirit   .   a - +1 robe
rPois   .          Reflect  +   (helmet restricted)
rElec   .          Harm     .   m - +2 cloak
rCorr   .          Rampage  .   (gloves unavailable)
Will    .....                   (boots unavailable)
Stlth   +.........              j - amulet of reflection
HPRegen 1.05/turn               s - ring of magical power
MPRegen 0.17/turn               (no ring)

@: no status effects
A: large, unfitting armour, claws 3, regeneration 1, shaggy fur 1, tough skin 1,
horns 1, large bone plates 1, strong 1
a: Renounce Religion, Recall Undead Harvest, Dark Bargain


You were on level 8 of the Dungeon.
You worshipped Yredelemnul.
Yredelemnul was noncommittal.
You visited 2 branches of the dungeon, and saw 10 of its levels.

You collected 425 gold pieces.

Inventory:

Hand Weapons
 p - a +2 whip of distortion (weapon)
Missiles
 u - 2 silver boomerangs (quivered)
 v - a boomerang of dispersal
 y - 7 boomerangs
Armour
 a - a +1 robe (worn)
 m - a +2 cloak (worn)
Jewellery
 j - an amulet of reflection (around neck)
 q - a +4 ring of protection
 s - a ring of magical power (left claw)
Wands
 c - a wand of iceblast (13)
 i - a wand of paralysis (12)
Scrolls
 b - a scroll of blinking
 k - 7 scrolls of teleportation
 o - 4 scrolls of fog
 x - a scroll of acquirement {unknown}
 z - a scroll of vulnerability
 A - 2 scrolls of summoning
Potions
 d - 2 potions of cancellation
 e - 2 potions of curing
 f - 3 potions of attraction
 g - 2 potions of flight
 h - 2 potions of brilliance
 l - a potion of berserk rage {unknown}
 n - 2 potions of lignification
 r - a potion of mutation
 t - a potion of magic {unknown}
 w - a potion of degeneration
 B - a potion of ambrosia
 C - a potion of haste {unknown}
 D - a potion of might {unknown}
 E - 2 potions of heal wounds {unknown}


   Skills:
 + Level 4.5 Fighting
 + Level 1.7(4.3) Axes
 + Level 6.9(7.0) Maces & Flails
 + Level 2.2 Throwing
 + Level 6.3 Dodging
 + Level 1.4 Stealth
 + Level 4.7 Shields
 + Level 5.1 Unarmed Combat
 + Level 1.8 Spellcasting
 + Level 2.6 Translocations
 + Level 1.0 Invocations


You had 9 spell levels left.
You knew the following spells:

 Your Spells              Type           Power      Damage    Failure   Level
a - Blink                 Tloc           12%        N/A       16%         2
b - Foxfire               Conj/Fire      4%         2x1d4     30%         1

Your spell library contained the following spells:

 Spells                   Type           Power      Damage    Failure   Level
 Gell's Gravitas          Tloc           6%         N/A       30%         3
 Lesser Beckoning         Tloc           6%         N/A       30%         3
 Teleport Other           Tloc           6%         N/A       30%         3
 Sublimation of Blood     Necr           1%         N/A       41%         2
 Confusing Touch          Hex            1%         N/A       65%         3
 Conjure Flame            Conj/Fire      1%         6-21      65%         3
 Ignite Poison            Fire/Tmut/Pois 1%         N/A       65%         3
 Inner Flame              Hex/Fire       1%         N/A       65%         3
 Manifold Assault         Tloc           6%         N/A       95%         5
 Flame Wave               Conj/Fire      1%         2d4       96%         4
 Petrify                  Tmut/Erth      1%         N/A       96%         4
 Sticky Flame             Conj/Fire      1%         2d3       96%         4
 Irradiate                Conj/Tmut      0%         3d11      100%        5
 Yara's Violent Unravell  Hex/Tmut       0%         3d3       100%        5
 Enfeeble                 Hex            0%         N/A       100%        7


Dungeon Overview and Level Annotations

Branches:
Dungeon (9/15)             Temple (1/1) D:6
   Lair: D:8-11         Orc: D:9-12

Altars:
Ashenzari
Cheibriados
Dithmenos
Elyvilon
Fedhas
Gozag
Hepliaklqana
Kikubaaqudgha
Nemelex Xobeh
Qazlal
Ru
Sif Muna
Trog
Uskayaw
Vehumet
Wu Jian
Xom
Yredelemnul
Zin

Portals:
Bailey: D:9

Annotations:
Abyss:1 Ijyb


Innate Abilities, Weirdness & Mutations

You are too large for most types of armour.
You have claws for hands.
Your natural rate of healing is unusually fast.
You are covered in fur. (AC +1)
You have tough skin. (AC +1)
You have a pair of small horns on your head.
You are partially covered in large bone plates. (SH +4)
Your muscles are strong. (Str +4, Int/Dex -1)


Message History

You hit the yak but do no damage. Your headbutt misses the yak.
The yak gores you! You block the yak's attack. The yak gores you!
You hit the yak.
The yak is lightly wounded.
Your yak zombie gores the yak.
Your kobold zombie hits the yak but does no damage.
The yak barely misses you. The yak gores you! The yak barely misses you.
The yak gores you. x2
You hit the yak.
Space warps around the yak.
Your headbutt misses the yak.
The yak is lightly wounded.
Your yak zombie completely misses the yak.
Your kobold zombie hits the yak but does no damage.
Unknown command.
You barely miss the yak.
The yak is lightly wounded.
The yak gores you! x2
* * * LOW HITPOINT WARNING * * *
The yak barely misses you. The yak gores you!
* * * LOW HITPOINT WARNING * * *
The yak completely misses you.
You are confused.
You feel invigorated.
Your yak zombie gores the yak.
The yak gores you.
* * * LOW HITPOINT WARNING * * *
The yak gores you.
* * * LOW HITPOINT WARNING * * *
The yak closely misses you. x2; The yak gores you.
* * * LOW HITPOINT WARNING * * *
Your kobold zombie hits the yak but does no damage.
You are too confused!
You feel better.
You feel less invigorated. The yak misses you. The yak closely misses you.
The yak barely misses you. The yak gores you!
* * * LOW HITPOINT WARNING * * *
The yak gores you!
* * * LOW HITPOINT WARNING * * *
Your yak zombie gores the yak.
Your kobold zombie barely misses the yak.
You feel better. The yak closely misses you.
The yak gores you but does no damage. The yak gores you!
You die...
Your body rises from the dead as a mindless zombie.

#.##. . .##....
.######## .......
#........ #......
#....... .......
##.....## .......####
#.......###
......YYYZ####..........
#..Y@YZZ.............
#...###Z...#....#####
##.. ###..###Z.# # #..
#.## ##.##### ##. ..#
#Z..ZZ. #. ...# ##.#####
#. ..... #..# #.
#####.###..##
.......####


You could see 5 yaks, 2 friendly yak zombies and 2 friendly kobold zombies.

Vanquished Creatures
  Maggie (D:6)
  The ghost of ratmagoo the Magician, a novice DEHW (D:5)
  5 yaks
  2 steam dragons
  2 water moccasins
  An orc warrior (D:6)
  2 ice beasts
  3 ogres
  4 centaurs
  A phantom (D:5)
  3 bullfrogs
  3 scorpions
  4 howler monkeys
  3 hounds
  4 orc priests
  A jelly (D:7)
  A gnoll bouda (D:6)
  3 iguanas
  8 orc wizards
  9 gnolls
  6 adders
  A shadow imp (D:5)
  A white imp (D:6)
  An ufetubus (D:7)
  A worm (D:4)
  4 dart slugs
  23 orcs
  14 ball pythons
  7 endoplasms
  3 giant cockroaches (D:5)
  6 goblins
  5 hobgoblins
  7 jackals
  14 kobolds
  4 quokkas
  5 bats
  5 frilled lizards
  An orc zombie (D:7)
  6 rats
175 creatures vanquished.

Vanquished Creatures (collateral kills)
  A yak (D:8)
  An ogre (D:6)
  A jelly (D:6)
  An orc priest (D:6)
  2 orc wizards
  3 gnolls
  An orc (D:7)
  4 kobolds (D:8)
  An orc zombie (D:7)
15 creatures vanquished.

Vanquished Creatures (others)
  A water moccasin zombie (D:6)
  A yak zombie (D:8)
  A bullfrog zombie (D:7)
  A scorpion zombie (D:6)
  A human zombie (D:6)
  A howler monkey zombie (D:6)
  A gnoll (D:9)
  A spectral white imp (D:6)
  An orc (D:6)
  A gnoll zombie (D:7)
  A kobold zombie (D:9)
  7 orc zombies
  2 foxfires (D:8)
  9 plants
29 creatures vanquished.

Grand Total: 219 creatures vanquished

Notes
Turn   | Place    | Note
-------+----------+-------------------------------------------
     0 | D:1      | lonewolfV2 the Troll Warper began the quest for the Orb.
     0 | D:1      | Reached XP level 1. HP: 19/19 MP: 1/1
   311 | D:1      | Reached skill level 1 in Throwing
   373 | D:1      | Reached XP level 2. HP: 27/27 MP: 3/3
   796 | D:1      | Reached XP level 3. HP: 35/35 MP: 4/4
  1998 | D:3      | Noticed a steam dragon
  2000 | D:3      | Reached XP level 4. HP: 42/42 MP: 5/5
  2008 | D:3      | Killed a steam dragon
  2009 | D:3      | Reached XP level 5. HP: 22/49 MP: 6/6
  2415 | D:3      | Noticed Ijyb
  2421 | D:3      | Paralysed by Ijyb for 3 turns
  2428 | D:3      | Banished Ijyb
  2429 | D:3      | Reached XP level 6. HP: 57/57 MP: 7/7
  2438 | D:3      | Identified the +11 whip "Ogrebane" {freeze, Fragile Str-5
                  | Int+8 Dex+4}
  2499 | D:3      | Learned a level 2 spell: Blink
  3175 | D:4      | Reached skill level 5 in Unarmed Combat
  3535 | D:5      | Entered Level 5 of the Dungeon
  3541 | D:5      | Reached skill level 1 in Maces & Flails
  3546 | D:5      | Reached skill level 1 in Shields
  3546 | D:5      | Reached XP level 7. HP: 48/65 MP: 8/8
  3738 | D:5      | Gained mutation: You have a pair of small horns on your
                  | head. [potion of mutation]
  3738 | D:5      | Gained mutation: You are partially covered in large bone
                  | plates. (SH +4) [potion of mutation]
  3738 | D:5      | Gained mutation: Your muscles are strong. (Str +4, Int/Dex
                  | -1) [potion of mutation]
  3840 | D:5      | Found a runed translucent gate.
  3841 | D:5      | Found a runed translucent gate.
  3843 | D:5      | Found a runed translucent gate.
  3845 | D:5      | Noticed ratmagoo's ghost (novice DEHW)
  3862 | D:5      | Killed ratmagoo's ghost
  3916 | D:5      | Reached XP level 8. HP: 67/75 MP: 9/9
  3951 | D:5      | Found a glowing drain.
  4442 | D:6      | Found a staircase to the Ecumenical Temple.
  4451 | D:6      | Reached skill level 1 in Stealth
  4506 | Temple   | Entered the Ecumenical Temple
  4558 | Temple   | Became a worshipper of Yredelemnul the Dark
  5046 | D:6      | Reached * piety under Yredelemnul
  5090 | D:6      | Reached skill level 5 in Maces & Flails
  5122 | D:6      | Noticed Maggie
  5153 | D:6      | Killed Maggie
  5154 | D:6      | Reached skill level 5 in Dodging
  5154 | D:6      | Reached XP level 9. HP: 78/84 MP: 10/10
  5217 | D:6      | Your ally Maggie died
  5746 | D:7      | Reached skill level 1 in Invocations
  5837 | D:7      | Reached skill level 1 in Axes
  5891 | D:7      | Reached ** piety under Yredelemnul
  6258 | D:7      | Identified the +1 falchion of the Revolution {distort,
                  | rPois rF+}
  6654 | D:8      | Found a bloodstained altar of Trog.
  6657 | D:8      | Learned a level 1 spell: Foxfire
  6741 | D:9      | Found a flagged portal.
  6911 | D:8      | Reached XP level 10. HP: 93/93 MP: 11/11
  7281 | D:8      | HP: 2/94 [yak (5)]
  7283 | D:8      | Slain by a yak

Illustrated notes

Levels and vault maps discovered:
D:1:      minmay_arrival_up_and_down, layout_basic, serial_bayou_crossing
D:2:      layout_basic, hangedman_abyss_or_decor_lesser_grid,
          grunt_ministairs_3, guppyfry_early_lair_pool
D:3:      layout_basic, minmay_liquid_box, uniq_ijyb
D:4:      nicolae_BIG_FREAKIN_CUBE, layout_basic
D:5:      layout_loops_ring, gup_sewer_entry_glass, ebering_ghost_rock_garden
D:6:      layout_cave_pods, minmay_temple_entry_offerings, uniq_maggie
D:7:      layout_gridville
D:8:      layout_layer_cave, lemuel_crystal_altar, mainiacjoe_overflow_swirl,
          chequers_serial_rivers_micro_d
D:9:      layout_long_grid, erik_orc_4, enter_bailey_2
Temple:   dpeg_five_rooms_temple

Skill      XL: |  1  2  3  4  5  6  7  8  9 |
---------------+----------------------------+-----
Throwing       | 1 2 |  2.2
Dodging        | 2 3 4 5 6 |  6.3
Unarmed Combat | 3 4 5 |  5.1
Fighting       | 2 3 4 |  4.5
Maces & Flails | 1 3 5 6 |  6.9
Shields        | 1 2 4 |  4.7
Stealth        | 1 |  1.4
Invocations    | 1 |  1.0
Axes           | 1 |  1.7
Spellcasting   | |  1.8
Translocations | |  2.6

Action                   |  1- 3 |  4- 6 |  7- 9 | 10-12 || total
-------------------------+-------+-------+-------+-------++-------
Melee: Unarmed           |   140 |    31 |       |       ||   171
       Whip              |       |    79 |   220 |    32 ||   331
       Punch             |       |     1 |    10 |     3 ||    14
       Headbutt          |       |       |    34 |     6 ||    40
       War axe           |       |       |    23 |       ||    23
Throw: Boomerang         |       |    10 |     5 |       ||    15
 Cast: Blink             |       |     1 |     1 |       ||     2
       Foxfire           |       |       |     1 |       ||     1
Invok: Recall Undead Har |       |       |     4 |       ||     4
  Use: Scroll            |    11 |       |     7 |       ||    18
       Potion            |       |       |     8 |     3 ||    11
Armor: Robe              |    62 |    61 |   124 |     8 ||   255
Dodge: Dodged            |    77 |    65 |   144 |    18 ||   304
Block: Other             |    12 |    24 |   164 |    19 ||   219
       Reflection        |       |       |    16 |       ||    16
